 Dungeon Crawl Stone Soup version 0.28-a0-1638-g9123634e07 (webtiles) character file.

Game seed: 13019937986434277154

52 fragbeetle the Skirmisher (level 3, -3/31 HPs)
             Began as a Palentonga Abyssal Knight on Jan 26, 2022.
             Was a Follower of Lugonu.
             Slain by an orc (7 damage)
             ... on level 1 of the Dungeon.
             The game lasted 00:02:43 (1441 turns).

fragbeetle the Skirmisher (PaAK)                    Turns: 1441, Time: 00:02:43

Health: -3/31      AC:  4    Str: 18    XL:     3   Next: 60%
Magic:  5/5        EV:  9    Int: 10    God:    Lugonu [*.....]
Gold:   55         SH:  0    Dex: 16    Spells: 2/2 levels left

rFire   . . .      SeeInvis +   a - +1 falchion
rCold   . . .      Faith    .   (no shield)
rNeg    . . .      Spirit   .   b - +0 leather armour
rPois   .          Reflect  .   (no helmet)
rElec   .          Harm     .   (no cloak)
rCorr   .          Rampage  .   (no gloves)
Will    .....                   (no barding)
Stlth   +.........              (no amulet)
HPRegen 0.10/turn               f - +6 ring of dexterity
MPRegen 0.09/turn               (no ring)

@: no status effects
A: large, rugged brown scales 3, see invisible, deformed body, roll 1, armoured
tail
a: Rolling Charge, Renounce Religion, Depart the Abyss


You were on level 1 of the Dungeon.
You worshipped Lugonu.
Lugonu was aware of your devotion.
You visited 1 branch of the dungeon, and saw 2 of its levels.
You visited the Abyss 1 time.

You collected 55 gold pieces.

Inventory:

Hand Weapons
 a - a +1 falchion (weapon)
Missiles
 i - 5 javelins
Armour
 b - a +0 leather armour (worn)
Jewellery
 f - a +6 ring of dexterity (left hand)
Scrolls
 c - 3 scrolls of identify {unknown}
 e - a scroll of enchant armour {unknown}
 j - a scroll of teleportation {unknown}
 k - a scroll of blinking {unknown}
Potions
 d - a potion of mutation {unknown}
 g - a potion of curing {unknown}
 h - a potion of brilliance {unknown}


   Skills:
 + Level 3.2 Fighting
 * Level 2.9 Long Blades
 + Level 1.7 Armour
 + Level 1.0 Dodging
 * Level 3.0 Invocations


You had 2 spell levels left.
You didn't know any spells.
Your spell library was empty.

Dungeon Overview and Level Annotations

Branches:
Dungeon (2/15)

Altars:


Innate Abilities, Weirdness & Mutations

You are completely covered in rugged brown scales. (AC +3, +7% HP)
You have supernaturally acute eyesight. (SInv)
Armour fits poorly on your strangely shaped body.
You can roll at nearby foes to attack.
You have a long armoured tail.


Message History

c - 3 scrolls labelled MAPNYT YCE (gained 1)
An orc comes into view. It is wielding a +0 dagger.
The orc shouts!
An orc comes into view. It is wielding a +0 mace.
There are monsters nearby!
An orc priest and an orc come into view.
The orc shouts! x2
You hit the orc.
The orc is moderately wounded.
The orc closely misses you.
You barely miss the orc. The orc hits you with a +0 dagger.
The orc hits you with a +0 hand axe. The orc hits you with a +0 dagger.
You hit the orc.
The orc is almost dead.
The orc hits you with a +0 hand axe. The orc hits you but does no damage.
You slash the orc!
You kill the orc!
Lugonu accepts your kill. The orc hits you with a +0 hand axe.
You barely miss the orc.
The orc is moderately wounded.
The orc closely misses you. x2
You closely miss the orc.
The orc is moderately wounded.
The orc hits you with a +0 mace. The orc priest hits you with a +0 club.
The orc barely misses you. The orc hits you with a +0 mace.
* * * LOW HITPOINT WARNING * * *
Okay, then.
The orc priest hits you but does no damage.
The orc hits you but does no damage.
The orc priest hits you but does no damage.
There is a stone staircase leading up here.
The orc hits you with a +0 hand axe.
* * * LOW HITPOINT WARNING * * *
You climb upwards.
There is a stone staircase leading down here.
You hit the orc.
The orc is severely wounded.
The orc hits you with a +0 hand axe!
You die...

####### #.....# #.###.#
#.# #.# ##########.# #.#
####..........###.#
................@.#
##.#.†........##.o#
#.#..........##..#
#.#..........##..#
#.#.........###..#
#.########### #..#
#.###### #..#
#......########..#
#..###......(....#######


You could see an orc.

Vanquished Creatures
  A worm (D:2)
  An orc (D:2)
  2 ball pythons (D:1)
  8 bats
  An endoplasm (D:1)
  4 giant cockroaches
  5 goblins
  6 hobgoblins
  4 jackals
  3 quokkas
  A frilled lizard (D:1)
  2 kobolds
  3 rats
41 creatures vanquished.

Notes
Turn   | Place    | Note
-------+----------+-------------------------------------------
     0 | Abyss:1  | fragbeetle the Palentonga Abyssal Knight began the quest
                  | for the Orb.
     0 | Abyss:1  | Reached XP level 1. HP: 19/19 MP: 2/2
    55 | Abyss:1  | Noticed a jelly
    65 | D:1      | Escaped the Abyss
   191 | D:1      | Found a faded altar of an unknown god.
   270 | D:1      | Reached * piety under Lugonu
   271 | D:1      | Reached XP level 2. HP: 11/25 MP: 3/3
   624 | D:1      | Reached skill level 1 in Dodging
   822 | D:1      | Reached XP level 3. HP: 30/31 MP: 5/5
  1441 | D:1      | Slain by an orc

Illustrated notes

Levels and vault maps discovered:
D:1:      elethiomel_arrival_maze, layout_basic,
          chequers_ecumenical_altar_simple, minmay_octomino_e4
D:2:      cheibrodos_pilgrimage, layout_rooms

Skill      XL: |  1  2  3 |
---------------+----------+-----
Dodging        | 1 |  1.0
Invocations    | 3 |  3.0
Fighting       | |  3.2
Long Blades    | |  2.9
Armour         | |  1.7

Action                   || total
-------------------------++-------
Melee: Falchion          ||    92
       Tailslap          ||    11
       Punch             ||     2
Invok: Depart the Abyss  ||     1
 Abil: Rolling Charge    ||    13
 Stab: Sleeping          ||     1
Armor: Leather armour    ||    47
Dodge: Dodged            ||    66

Table legend: (Time is in decaauts)
 A = Elapsed time spent in this place.
 B = Non-inter-level travel time spent in this place.
 C = Inter-level travel time spent in this place.
 D = Time resting spent in this place.
 E = Time spent auto-exploring this place.
 F = Levels seen in this place.
 G = Mean time per level.
                   A        B        C        D        E       F      G
               +--------+--------+--------+--------+--------+-----+--------+
         Total |   1457 |   1384 |     73 |    139 |    999 |   3 |  485.7 |
       Dungeon |   1392 |   1319 |     73 |    139 |    945 |   2 |  696.0 |
         Abyss |     65 |     65 |      0 |      0 |     54 |   1 |   65.0 |
               +--------+--------+--------+--------+--------+-----+--------+

Top non-repeatable levels by time:
     D:1: 1212 daAuts
     D:2: 179 daAuts
 Abyss:1: 65 daAuts
